 Dungeon Crawl Stone Soup version 0.31.0-11-ge490571c62 (webtiles) character file.

Game seed: 11110833826245240668

8991 qw the Markself (level 11, -1/64 HPs)
             Began as a Deep Elf Hunter on Feb 4, 2024.
             Was an Elder of Okawaru.
             Slain by a death yak (20 damage)
             ... on level 11 of the Dungeon.
             The game lasted 00:00:54 (9275 turns).

qw the Markself (Deep Elf Hunter)                   Turns: 9275, Time: 00:00:54

Health: -1/64      AC: 25    Str: 12    XL:     11   Next: 17%
Magic:  15/17      EV: 18    Int: 18    God:    Okawaru [****..]
Gold:   501        SH:  0    Dex: 18    Spells: 10/10 levels left

rFire   . . .        v - +0 orcbow
rCold   . . .        (shield currently unavailable)
rNeg    . . .        t - +2 swamp dragon scales
rPois   +            m - +2 helmet {Int+3}
rElec   .            p - +1 cloak
rCorr   .            j - +2 pair of gloves
SInv    .            (no boots)
Will    +....        (no amulet)
Stlth   +++          g - +4 ring of protection
HPRegen 0.30/turn    (no ring)
MPRegen 0.15/turn

%: no passive effects
@: heroic, hasted, very quick
A: no striking features
a: Renounce Religion, Heroism, Finesse


You were on level 11 of the Dungeon.
You worshipped Okawaru.
Okawaru was greatly pleased with you.
You visited 2 branches of the dungeon, and saw 12 of its levels.
You also visited: Sewer.

You collected 501 gold pieces.


   Skills:
 - Level 6.0(11.0) Fighting
 - Level 16.0(21.0) Ranged Weapons
 - Level 4.2(9.2) Armour
 + Level 8.8(13.8) Dodging
 - Level 1.2(6.2) Stealth
 + Level 6.6 Invocations


You had 10 spell levels left.
You didn't know any spells.
Your spell library was empty.

Inventory:

Hand Weapons
 v - a +0 orcbow (weapon)
Armour
 j - a +2 pair of gloves (worn)
 m - a +2 helmet of intelligence (worn)
 p - a +1 cloak (worn)
 t - +2 swamp dragon scales (worn)
Jewellery
 g - a +4 ring of protection (left hand)
Wands
 k - a wand of mindburst (14)
 l - a wand of charming (7)
 n - a wand of acid (6)
 o - a wand of iceblast (9)
Scrolls
 u - 2 scrolls of teleportation
Potions
 b - a potion of might
 c - 2 potions of mutation
 d - 3 potions of cancellation
 e - a potion of curing
 h - 2 potions of heal wounds
 i - 4 potions of enlightenment
 s - a potion of magic {unknown}

Dungeon Overview and Level Annotations

Branches:
Dungeon (11/15)            Temple (1/1) D:5           Sewer (visited)
   Lair: D:8-11         Orc: D:9-12

Altars:
Ashenzari
Cheibriados
Dithmenos
Elyvilon
Fedhas
Gozag
Hepliaklqana
Kikubaaqudgha
Makhleb
Nemelex Xobeh
Okawaru
Qazlal
Ru
Sif Muna
Trog
Uskayaw
Vehumet
Wu Jian
Xom
Yredelemnul
Zin
The Shining One

Shops:
D:1 *

Annotations:
D:6 1 runed translucent door, qw's ghost, novice GrHu
D:7 2 transporters, qw's ghost, novice DEHu


Message History

The death yak snorts and paws the ground.
The death yak gores you but does no damage.
You shoot an arrow. The arrow hits the death yak!
The death yak is almost dead.
You shoot an arrow. The arrow hits the death yak.
You kill the death yak!
Okawaru is honoured by your kill.
Your base Armour skill increases to level 4!
You shoot an arrow. The arrow hits the death yak.
The death yak is heavily wounded.
You shoot an arrow. The arrow hits the death yak!
The death yak is heavily wounded.
The death yak gores you but does no damage.
You shoot an arrow. The arrow hits the death yak.
The death yak is heavily wounded.
You shoot an arrow. The arrow hits the death yak!
The death yak is severely wounded.
The death yak barely misses you.
You shoot an arrow. The arrow hits the death yak!
The death yak is almost dead.
You shoot an arrow. The arrow hits the death yak!!
You kill the death yak!
Okawaru accepts your kill.
You can now speed up your combat.
You shoot an arrow. The arrow hits the death yak.
The death yak is lightly wounded.
You shoot an arrow. The arrow hits the death yak!
The death yak is lightly wounded.
The death yak misses you.
You shoot an arrow. The arrow hits the death yak!
The death yak is moderately wounded.
You shoot an arrow. The arrow hits the death yak!!
The death yak is heavily wounded.
The death yak gores you!
You shoot an arrow. The arrow hits the death yak.
The death yak is heavily wounded.
You shoot an arrow.
The arrow hits the death yak but does no damage.
The death yak is heavily wounded.
The death yak gores you!!
You die...

........#########
.......<........#
................#
................#
................#
................#
.......YYY.Y.Y..#######
..######Y####..........
#. #@# #####Y..... #.#
..... #.# .... #.# $#.
#.# .# #.. . #.# #.#


You could see 4 death yaks.

Vanquished Creatures
  2 death yaks (D:11)
  A gargoyle (D:10)
  Maggie (D:7)
  A kobold demonologist (D:10)
  2 trolls
  3 wraiths
  3 shadows
  6 yaks (D:10)
  2 wyverns
  A steam dragon (D:9)
  Menkaure (D:7)
  2 water moccasins (D:6)
  A swamp worm (D:8)
  2 sky beasts
  5 orc warriors
  4 black bears
  2 ogres
  4 centaurs
  2 kobold brigands
  A phantom (D:5)
  4 bullfrogs
  A gnoll sergeant (D:10)
  A scorpion (D:5)
  10 wights
  4 killer bees
  4 howler monkeys
  A jelly (D:6)
  2 orc priests
  A bombardier beetle (D:4)
  4 hounds
  3 iguanas
  4 sleepcaps
  11 orc wizards
  12 gnolls
  10 adders
  2 shadow imps
  A white imp (D:8)
  2 ufetubi (D:7)
  5 dart slugs
  A ribbon worm (D:3)
  37 orcs
  4 bats
  11 endoplasms
  13 giant cockroaches
  8 goblins
  4 hobgoblins
  2 jackals (D:4)
  21 kobolds
  5 quokkas
  10 ball pythons
  12 frilled lizards
  4 rats
260 creatures vanquished.

Notes
Turn   | Place    | Note
-------+----------+-------------------------------------------
     0 | D:1      | qw the Deep Elf Hunter began the quest for the Orb.
     0 | D:1      | Reached XP level 1. HP: 12/12 MP: 3/3
     0 | D:1      | 0 ||| qw: Version: 0.3-a-160-g6735b56
     0 | D:1      | 0 ||| qw: Game counter: 4997
     0 | D:1      | 0 ||| qw: Melee chars always use a shield: true
     0 | D:1      | 0 ||| qw: God list: Okawaru
     0 | D:1      | 0 ||| qw: Allow faded altars: false
     0 | D:1      | 0 ||| qw: Do Orc after clearing Dungeon:15 true
     0 | D:1      | 0 ||| qw: Do second Lair branch before Depths: true
     0 | D:1      | 0 ||| qw: Lair rune preference: random
     0 | D:1      | 0 ||| qw: Goals: Normal
     0 | D:1      | 0 ||| PLANNING D:1-11
    55 | D:1      | Found Riangitt's General Store.
    58 | D:1      | 58 ||| SHOPLISTING potion of curing (36 gold, have 7).
    58 | D:1      | 58 ||| SHOPLISTING potion of enlightenment (60 gold, have
                  | 7).
    58 | D:1      | 58 ||| SHOPLISTING scroll of identify (24 gold, have 7).
   123 | D:1      | Reached XP level 2. HP: 16/16 MP: 4/4
   127 | D:1      | Reached skill level 6 in Ranged Weapons
   358 | D:1      | Reached XP level 3. HP: 20/20 MP: 5/5
   578 | D:1      | 578 ||| UPGRADING to +0 ring mail.
   588 | D:1      | 588 ||| DROPPING +0 leather armour.
   589 | D:1      | 589 ||| DROPPING ring of wizardry.
   590 | D:1      | 590 ||| UPGRADING to +4 ring of protection.
   591 | D:1      | 591 ||| READING scroll labelled HATWITW WEUD.
   591 | D:1      | 591 ||| IDENTIFYING yellow potion
   592 | D:1      | 592 ||| DROPPING scroll of butterflies.
   643 | D:2      | Reached skill level 7 in Ranged Weapons
   729 | D:2      | Found a basalt altar of Yredelemnul.
   774 | D:2      | Found a faded altar of an unknown god.
   972 | D:2      | Reached XP level 4. HP: 6/20 MP: 6/6
   973 | D:2      | HP: 5/20 [poisoned by an adder]
   977 | D:2      | HP: 2/20 [poisoned by an adder]
  1131 | D:2      | 1131 ||| UPGRADING to +0 pair of gloves.
  1136 | D:2      | 1136 ||| UPGRADING to +0 helmet.
  1141 | D:2      | 1141 ||| UPGRADING to +2 pair of gloves.
  1151 | D:2      | 1151 ||| DROPPING +0 pair of gloves.
  1152 | D:2      | 1152 ||| DRINKING 2 emerald potions.
  1153 | D:2      | 1153 ||| DROPPING potion of attraction.
  1272 | D:3      | 1272 ||| PLANNING SEWER
  1456 | D:3      | Reached skill level 8 in Ranged Weapons
  1544 | D:3      | Reached XP level 5. HP: 28/29 MP: 7/7
  1564 | D:3      | Found a glowing drain.
  1565 | D:3      | 1565 ||| UPGRADING to +2 helmet of intelligence.
  1575 | D:3      | 1575 ||| DROPPING +0 helmet.
  1576 | D:3      | 1576 ||| READING scroll labelled UTITAACU ELUCW.
  1576 | D:3      | 1576 ||| BRANDING +0 shortbow.
  1577 | D:3      | 1577 ||| READING 2 scrolls labelled SEADYH GEDWEG.
  1578 | D:3      | 1578 ||| READING scroll labelled RYPOME VODESE.
  1579 | D:3      | 1579 ||| DROPPING scroll of poison.
  1581 | D:3      | 1581 ||| Stepping ~*~*~tactically~*~*~ (cloud).
  1588 | D:3      | HP: 7/29 [poisoned by you (poison gas)]
  1685 | Sewer    | Entered a sewer
  1843 | Sewer    | Reached skill level 9 in Ranged Weapons
  1885 | Sewer    | Reached skill level 1 in Armour
  1885 | Sewer    | Reached XP level 6. HP: 24/36 MP: 8/8
  2129 | Sewer    | 2129 ||| READING scroll of identify.
  2129 | Sewer    | 2129 ||| IDENTIFYING fuming golden potion
  2149 | D:3      | 2149 ||| PLANNING D:1-11
  2307 | D:3      | 2307 ||| READING 3 scrolls of identify.
  2307 | D:3      | 2307 ||| IDENTIFYING black potion
  2308 | D:3      | 2308 ||| READING 2 scrolls of identify.
  2308 | D:3      | 2308 ||| IDENTIFYING pink potion
  2309 | D:3      | 2309 ||| READING scroll of identify.
  2309 | D:3      | 2309 ||| IDENTIFYING bubbling emerald potion
  2310 | D:3      | 2310 ||| DROPPING potion of invisibility.
  2533 | D:4      | Reached skill level 10 in Ranged Weapons
  2671 | D:4      | Noticed a sky beast
  2673 | D:4      | 2673 ||| ZAPPING wand of mindburst (7) at 2,0 (sky beast;
                  | floor).
  2674 | D:4      | 2674 ||| ZAPPING wand of mindburst (6) at 1,0 (sky beast;
                  | floor).
  2674 | D:4      | Killed a sky beast
  2675 | D:4      | Reached skill level 3 in Dodging
  2675 | D:4      | Reached XP level 7. HP: 40/40 MP: 9/9
  2852 | D:4      | Found a glowing golden altar of the Shining One.
  3049 | D:4      | 3049 ||| DROPPING amulet of magic regeneration.
  3050 | D:4      | 3050 ||| READING scroll of identify.
  3050 | D:4      | 3050 ||| IDENTIFYING viscous black potion
  3051 | D:4      | 3051 ||| READING scroll labelled XEODIT LEDIDE.
  3052 | D:4      | 3052 ||| READING 2 scrolls labelled JIQ UTHAMAAFF.
  3053 | D:4      | 3053 ||| DRINKING 2 metallic purple potions.
  3054 | D:4      | 3054 ||| DROPPING potion of degeneration.
  3055 | D:4      | 3055 ||| DROPPING scroll of summoning.
  3087 | D:5      | Entered Level 5 of the Dungeon
  3095 | D:5      | 3095 ||| ZAPPING wand of mindburst (5) at -2,0 (black bear;
                  | floor).
  3096 | D:5      | Reached skill level 11 in Ranged Weapons
  3122 | D:5      | Found a staircase to the Ecumenical Temple.
  3123 | D:5      | 3123 ||| PLANNING TEMPLE
  3131 | Temple   | Entered the Ecumenical Temple
  3132 | Temple   | 3132 ||| PLANNING OKAWARU WORSHIP
  3151 | Temple   | Became a worshipper of Warmaster Okawaru
  3152 | Temple   | 3152 ||| PLANNING D:1-11
  3227 | D:5      | 3227 ||| FLEEEEING.
  3229 | D:5      | 3229 ||| FLEEEEING.
  3230 | D:5      | 3230 ||| FLEEEEING.
  3275 | D:5      | Reached XP level 8. HP: 45/45 MP: 10/10
  3280 | D:5      | Reached skill level 12 in Ranged Weapons
  3367 | D:5      | Reached skill level 3 in Fighting
  3573 | D:5      | 3573 ||| READING scroll labelled XIPLUA BYITI.
  3573 | D:5      | 3573 ||| ENCHANTING +0 shortbow of draining.
  3593 | D:6      | 3593 ||| ZAPPING wand of mindburst (4) at 0,-1 (black bear;
                  | floor).
  3594 | D:6      | 3594 ||| ZAPPING wand of mindburst (3) at 0,-1 (black bear;
                  | floor).
  3594 | D:6      | Reached * piety under Okawaru
  3597 | D:6      | 3597 ||| INVOKING Heroism.
  3599 | D:6      | Reached skill level 1 in Invocations
  3662 | D:6      | Reached skill level 13 in Ranged Weapons
  3720 | D:6      | Found an ornate altar of the Wu Jian Council.
  3772 | D:6      | Reached skill level 3 in Invocations
  3980 | D:6      | Found a runed translucent door.
  3980 | D:6      | Found a shimmering altar of Xom.
  3980 | D:6      | Noticed qw's ghost (novice GrHu)
  3980 | D:6      | Noticed a +1 dagger of chaos
  4091 | D:6      | 4091 ||| RETREEEEATING.
  4092 | D:6      | 4092 ||| RETREEEEATING.
  4095 | D:6      | 4095 ||| RETREEEEATING.
  4098 | D:6      | 4098 ||| RETREEEEATING.
  4195 | D:6      | 4195 ||| RETREEEEATING.
  4206 | D:6      | Reached XP level 9. HP: 37/51 MP: 12/14
  4223 | D:6      | Reached skill level 14 in Ranged Weapons
  4230 | D:6      | Reached ** piety under Okawaru
  4765 | D:6      | 4765 ||| READING 2 scrolls of identify.
  4765 | D:6      | 4765 ||| IDENTIFYING bubbling coppery potion
  4766 | D:6      | 4766 ||| READING scroll of identify.
  4766 | D:6      | 4766 ||| IDENTIFYING amethyst potion
  4767 | D:6      | 4767 ||| READING scroll labelled ROROKELIASHRA.
  4768 | D:6      | 4768 ||| READING scroll labelled TIOMIE VAPSU.
  4818 | D:6      | 4818 ||| DROPPING potion of berserk rage.
  4880 | D:7      | Noticed Menkaure
  4885 | D:7      | 4885 ||| FLEEEEING.
  4888 | D:7      | 4888 ||| FLEEEEING.
  4890 | D:7      | 4890 ||| FLEEEEING.
  4898 | D:7      | HP: 11/51 [Menkaure/nerve-wracking pain (8)]
  4899 | D:7      | 4899 ||| DRINKING 2 potions of heal wounds.
  4900 | D:7      | Killed Menkaure
  5228 | D:7      | Noticed Maggie
  5229 | D:7      | 5229 ||| INVOKING Heroism.
  5246 | D:7      | Killed Maggie
  5247 | D:7      | Reached skill level 3 in Armour
  5534 | D:7      | Found a transporter.
  5538 | D:7      | 5538 ||| SWAPPING to +0 orcbow.
  5539 | D:7      | 5539 ||| DROPPING +1 shortbow of draining.
  5540 | D:7      | Noticed qw's ghost (novice DEHu)
  5541 | D:7      | Found a transporter.
  5541 | D:7      | Identified the +6 great mace of Valiance {heavy, Will+
                  | Str-4 Dex+3}
  5729 | D:7      | 5729 ||| UPGRADING to +1 swamp dragon scales.
  5739 | D:7      | 5739 ||| DROPPING +0 ring mail.
  5740 | D:7      | 5740 ||| READING scroll labelled LAMPUMEJIFU.
  5741 | D:7      | 5741 ||| READING scroll labelled VAEHYB GY SAZXOLO.
  5842 | D:7      | 5842 ||| READING scroll labelled ENAB GAOSK.
  5998 | D:8      | 5998 ||| RETREEEEATING.
  5999 | D:8      | 5999 ||| RETREEEEATING.
  6001 | D:8      | 6001 ||| RETREEEEATING.
  6002 | D:8      | 6002 ||| RETREEEEATING.
  6003 | D:8      | 6003 ||| RETREEEEATING.
  6157 | D:8      | Reached skill level 15 in Ranged Weapons
  6266 | D:8      | 6266 ||| DRINKING 3 potions of curing.
  6266 | D:8      | 6266 ||| (to cure confusion)
  6538 | D:8      | Identified the +2 quarterstaff "Fopaaxtoju" {venom, rElec
                  | Dex-2 SInv}
  6592 | D:8      | 6592 ||| RETREEEEATING.
  6608 | D:8      | Reached *** piety under Okawaru
  6757 | D:8      | 6757 ||| READING scroll of identify.
  6757 | D:8      | 6757 ||| IDENTIFYING puce potion
  6758 | D:8      | 6758 ||| DRINKING 2 coppery potions.
  6759 | D:8      | 6759 ||| DRINKING 2 potions of curing.
  6759 | D:8      | 6759 ||| (to cure confusion)
  6760 | D:8      | 6760 ||| DROPPING potion of ambrosia.
  6761 | D:8      | 6761 ||| DROPPING potion of lignification.
  6777 | D:9      | 6777 ||| STAIRDANCE
  6851 | D:9      | Reached XP level 10. HP: 20/57 MP: 15/15
  7168 | D:9      | Reached skill level 16 in Ranged Weapons
  7288 | D:9      | Reached skill level 6 in Dodging
  7849 | D:9      | 7849 ||| UPGRADING to +1 cloak.
  7854 | D:9      | 7854 ||| READING 3 scrolls labelled GYISKO DOMM.
  7955 | D:9      | 7955 ||| READING scroll labelled ALLECR ASULA.
  7955 | D:9      | 7955 ||| ENCHANTING +1 swamp dragon scales.
  7956 | D:9      | 7956 ||| DROPPING 2 scrolls of vulnerability.
  7974 | D:10     | Entered Level 10 of the Dungeon
  7988 | D:10     | Reached **** piety under Okawaru
  8234 | D:10     | 8234 ||| RETREEEEATING.
  8236 | D:10     | 8236 ||| RETREEEEATING.
  8240 | D:10     | 8240 ||| RETREEEEATING.
  8242 | D:10     | 8242 ||| RETREEEEATING.
  8243 | D:10     | 8243 ||| RETREEEEATING.
  8246 | D:10     | 8246 ||| RETREEEEATING.
  8250 | D:10     | 8250 ||| INVOKING Finesse.
  8251 | D:10     | 8251 ||| INVOKING Finesse.
  8295 | D:10     | 8295 ||| FLEEEEING.
  8300 | D:10     | 8300 ||| FLEEEEING.
  8301 | D:10     | 8301 ||| FLEEEEING.
  8302 | D:10     | 8302 ||| FLEEEEING.
  8303 | D:10     | 8303 ||| FLEEEEING.
  8304 | D:10     | 8304 ||| FLEEEEING.
  8305 | D:10     | 8305 ||| FLEEEEING.
  8306 | D:10     | 8306 ||| FLEEEEING.
  8307 | D:10     | 8307 ||| FLEEEEING.
  8308 | D:10     | 8308 ||| FLEEEEING.
  8309 | D:10     | 8309 ||| FLEEEEING.
  8310 | D:10     | 8310 ||| FLEEEEING.
  8311 | D:10     | 8311 ||| FLEEEEING.
  8312 | D:10     | 8312 ||| FLEEEEING.
  8313 | D:10     | 8313 ||| FLEEEEING.
  8314 | D:10     | 8314 ||| FLEEEEING.
  8315 | D:10     | 8315 ||| FLEEEEING.
  8316 | D:10     | 8316 ||| FLEEEEING.
  8317 | D:10     | 8317 ||| FLEEEEING.
  8318 | D:10     | 8318 ||| FLEEEEING.
  8319 | D:10     | 8319 ||| FLEEEEING.
  8320 | D:10     | 8320 ||| FLEEEEING.
  8321 | D:10     | 8321 ||| FLEEEEING.
  8472 | D:10     | 8472 ||| INVOKING Finesse.
  8487 | D:10     | Reached skill level 6 in Invocations
  8534 | D:10     | Reached skill level 6 in Fighting
  8572 | D:10     | 8572 ||| RETREEEEATING.
  8574 | D:10     | 8574 ||| RETREEEEATING.
  8576 | D:10     | 8576 ||| RETREEEEATING.
  8586 | D:10     | 8586 ||| RETREEEEATING.
  8745 | D:10     | Noticed a gargoyle
  8746 | D:10     | 8746 ||| INVOKING Finesse.
  8751 | D:10     | Killed a gargoyle
  8795 | D:10     | Found a bloodstained altar of Trog.
  8902 | D:10     | Reached XP level 11. HP: 49/64 MP: 17/17
  9177 | D:10     | 9177 ||| READING scroll of identify.
  9177 | D:10     | 9177 ||| IDENTIFYING murky golden potion
  9216 | D:11     | Noticed a death yak
  9217 | D:11     | 9217 ||| INVOKING Finesse.
  9222 | D:11     | Noticed a death yak
  9222 | D:11     | Noticed a death yak
  9225 | D:11     | Noticed a death yak
  9226 | D:11     | 9226 ||| RETREEEEATING.
  9227 | D:11     | 9227 ||| RETREEEEATING.
  9230 | D:11     | Noticed a death yak
  9230 | D:11     | Noticed a death yak
  9231 | D:11     | 9231 ||| RETREEEEATING.
  9232 | D:11     | 9232 ||| RETREEEEATING.
  9233 | D:11     | 9233 ||| RETREEEEATING.
  9234 | D:11     | 9234 ||| RETREEEEATING.
  9235 | D:11     | 9235 ||| RETREEEEATING.
  9235 | D:11     | Noticed a death yak
  9236 | D:11     | 9236 ||| RETREEEEATING.
  9237 | D:11     | 9237 ||| RETREEEEATING.
  9238 | D:11     | 9238 ||| RETREEEEATING.
  9256 | D:11     | 9256 ||| INVOKING Heroism.
  9257 | D:11     | 9257 ||| DRINKING potion of haste.
  9263 | D:11     | Killed a death yak
  9269 | D:11     | Killed a death yak
  9275 | D:11     | Slain by a death yak

Levels and vault maps discovered:
D:1:      scummos_arrival_forest, layout_rooms, serial_shops,
          nicolae_shop_real_fake_doors
D:2:      layout_rooms, basic_altar, nicolae_ecumenical_oubliette,
          chequers_serial_rivers_small_3
D:3:      layout_rooms, mainiacjoe_sewer_entry_somewhere_in_here_2
D:4:      layout_loops_ring, mainiacjoe_overflow_alcove_2
D:5:      layout_cave_pools, minmay_temple_entry_mist
D:6:      layout_loops_cross, kennysheep_mini_moat, ebering_ghost_xom,
          kennysheep_opposing_triangles
D:7:      layout_loops_ring, gammafunk_ghost_smash, uniq_maggie, uniq_menkaure
D:8:      layout_loops_ring, kennysheep_nub, amcnicky_mini_rare_corridor_liquid,
          worms_lemuel
D:9:      layout_loops_ring
D:10:     layout_roguey, mainiacjoe_overflow_alcove_4
D:11:     layout_small_grid, dpeg_lair_monsters, orc_0_dummy, kennysheep_dice,
          uniq_maurice
Temple:   nicolae_temple_bog_church

Skill      XL: |  1  2  3  4  5  6  7  8  9 10 11 |
---------------+----------------------------------+-----
Ranged Weapons | 6 7 8 9 10 11 13 15 16 | 16.0
Fighting       | 2 3 4 6 |  6.0
Armour         | 1 3 4 |  4.2
Dodging        | 3 4 5 8 |  8.8
Invocations    | 4 6 |  6.6
Stealth        | |  1.2

Action                     |  1- 3 |  4- 6 |  7- 9 | 10-12 || total
---------------------------+-------+-------+-------+-------++-------
   Fire: Shortbow          |   108 |   200 |   285 |       ||   593
         Orcbow            |       |       |   152 |   393 ||   545
 Invoke: Heroism           |       |       |     2 |     1 ||     3
         Finesse           |       |       |       |     4 ||     4
  Evoke: Wand              |       |     2 |     3 |       ||     5
    Use: Scroll            |     1 |     7 |    12 |     3 ||    23
         Potion            |       |     1 |     5 |     1 ||     7
 Armour: Leather armour    |     4 |       |       |       ||     4
         Ring mail         |    24 |    60 |    91 |       ||   175
         Swamp dragon scal |       |       |    57 |   126 ||   183
  Dodge: Dodged            |    29 |    42 |   152 |   118 ||   341

Table legend:
 A = Non-vault XP
 B = Vault XP
 C = Vault XP percentage of total XP
 D = Non-vault monster count
 E = Vault monster count
 F = Vault count percentage of total count
                 A         B        C        D         E       F
            +---------+---------+-------+---------+---------+-------
      Total |    9944 |    2901 |  22.6 |     217 |      43 |  16.5
            +---------+---------+-------+---------+---------+-------
        D:1 |      54 |       0 |   0.0 |      29 |       0 |   0.0
        D:2 |      49 |       0 |   0.0 |      13 |       0 |   0.0
        D:3 |     121 |      33 |  21.4 |      22 |       6 |  21.4
        D:4 |     557 |       0 |   0.0 |      25 |       0 |   0.0
        D:5 |     753 |       0 |   0.0 |      14 |       0 |   0.0
        D:6 |     990 |     275 |  21.7 |      23 |       4 |  14.8
        D:7 |     556 |     573 |  50.8 |      13 |       2 |  13.3
        D:8 |     989 |     157 |  13.7 |      24 |       1 |   4.0
        D:9 |    2098 |       0 |   0.0 |      24 |       0 |   0.0
       D:10 |    3777 |       0 |   0.0 |      30 |       0 |   0.0
       D:11 |       0 |    1612 | 100.0 |       0 |       2 | 100.0
      Sewer |       0 |     251 | 100.0 |       0 |      28 | 100.0
            +---------+---------+-------+---------+---------+-------
